 Dungeon Crawl Stone Soup version 0.29-a0-40-g8eb35efe60 (webtiles) character file.

Game seed: 9793354581714597983

74 Orthodox the Slasher (level 4, 35/35 HPs)
             Began as a Djinni Cinder Acolyte on Sept 7, 2021.
             Was a Priest of Ignis.
             Quit the game on level 2 of the Dungeon on Feb 1, 2022.
             The game lasted 00:13:44 (2314 turns).

Orthodox the Slasher (Djinni Cinder Acolyte)        Turns: 2314, Time: 00:13:44

Health: 35/35      AC:  2    Str: 13    XL:     4   Next: 52%
Gold:   65         EV: 11    Int: 16    God:    Ignis [***...] SH:  0 Dex: 10

rFire   + + +      SeeInvis .   a - -1 falchion (flame)
rCold   x . .      Faith    .   (no shield)
rNeg    . . .      Spirit   .   b - +0 robe
rPois   ∞          Reflect  .   (no helmet)
rElec   .          Harm     .   (no cloak)
rCorr   .          Rampage  .   (no gloves)
Will    .....                   (boots unavailable)
Stlth   +.........              (no amulet)
HPRegen 0.11/turn               (no ring)
MPRegen 0.00/turn               (no ring)

@: flying
A: sickness immunity, fire resistance 2, cold vulnerability 1, float, innate
caster, HP casting, extra vitality 1
a: Renounce Religion, Fiery Armour, Foxfire Swarm, Rising Flame


You were on level 2 of the Dungeon.
You worshipped Ignis.
Ignis was most pleased with you.
You visited 1 branch of the dungeon, and saw 2 of its levels.

You collected 65 gold pieces.

Inventory:

Hand Weapons
 a - a -1 falchion of flaming (weapon)
Armour
 b - a +0 robe (worn)
Scrolls
 e - a scroll of magic mapping {unknown}
 g - 2 scrolls of teleportation {unknown}
 h - a scroll of noise {unknown}
 k - a scroll of blinking {unknown}
 l - a scroll of identify {unknown}
Potions
 c - a potion of resistance {unknown}
 d - a potion of attraction {unknown}
 f - 2 potions of curing {unknown}
 i - a potion of degeneration {unknown}
 j - a potion of lignification {unknown}


   Skills:
 + Level 3.3 Fighting
 + Level 3.3 Long Blades
 - Level 0.3 Dodging
 + Level 3.2 Spellcasting


You had 6 spell levels left.
You knew the following spells:

 Your Spells              Type           Power      Damage    Failure   Level
a - Scorch                Fire           24%        2d6       8%          2
b - Freeze                Ice            48%        1d7       4%          1
Your spell library was empty.

Dungeon Overview and Level Annotations

Branches:
Dungeon (2/15)

Altars:
Wu Jian


Innate Abilities, Weirdness & Mutations

You are immune to sickness and miasma.
You are immune to poison.
Your flesh is very heat resistant. (rF++)
You are vulnerable to cold. (rC-)
You float through the air rather than walking.
You learn spells naturally, not from books.
Your magical power is your life essence.
You have superior vitality. (+4 MHP)


Message History

The foxfire hits the orc wizard.
The orc wizard is burned terribly!
You kill the orc wizard!
Your foxfire dissipates!
Your foxfire dissipates! x2
Your magical contamination has completely faded away.
You start resting.
HP restored.
Things that are here:
a +0 dagger; a +0 robe; an orc corpse
l - a scroll labelled YFEN FESTOI
Items here: )) [ †.
Found a stone staircase leading down.
g - 2 scrolls labelled PIPEBO XEAGU (gained 1)
A kobold comes into view. It is wielding a +0 dagger.
The kobold shouts!
A kobold is nearby!
A kobold is nearby!
The kobold throws a stone.
The stone closely misses you.
The kobold throws a stone.
The stone hits you but does no damage. The kobold closely misses you.
You hit the kobold. You burn the kobold.
You kill the kobold!
No target in view!
Things that are here:
a +0 dagger; 3 stones; a kobold corpse A hobgoblin comes into view.
The hobgoblin shouts!
A hobgoblin is nearby!
A hobgoblin is nearby!
A hobgoblin is nearby!
A hobgoblin is nearby!
A hobgoblin is nearby!
A hobgoblin is nearby!
Unknown command.
Unknown command.
Saving game... please wait.
Welcome back, Orthodox the Djinni Cinder Acolyte.
The flames of Ignis gently warm you.
Press ? for a list of commands and other information.
Are you sure you want to abandon this character and quit the game? (Confirm with "yes".)

## ########## ..# #........#
..#########........#####
............(...@.....g.
......#####........####.
.........##........#
>..................# ...#
#####............#
...#########..##.........##
............................
..########....##.........#..
.## #.....#......>....#.


You could see a hobgoblin.

Vanquished Creatures
  An orc wizard (D:2)
  An adder (D:2)
  A dart slug (D:1)
  4 orcs (D:2)
  4 bats
  2 endoplasms
  A giant cockroach (D:1)
  5 goblins
  2 hobgoblins
  4 kobolds
  4 ball pythons
  3 frilled lizards (D:1)
  3 rats
35 creatures vanquished.

Vanquished Creatures (collateral kills)
  5 foxfires (D:1)
5 creatures vanquished.

Vanquished Creatures (others)
  25 foxfires
  7 plants (D:1)
32 creatures vanquished.

Grand Total: 72 creatures vanquished

Notes
Turn   | Place    | Note
-------+----------+-------------------------------------------
     0 | D:1      | Orthodox the Djinni Cinder Acolyte began the quest for the
                  | Orb.
     0 | D:1      | Reached XP level 1. HP: 20/20 MP: 0/0
   522 | D:1      | Upgraded the game from 0.28-a0-410-gbef64dd269 to
                  | 0.28-a0-1382-g92835e5c71
   561 | D:1      | Reached XP level 2. HP: 20/25 MP: 0/0
   700 | D:1      | Upgraded the game from 0.28-a0-1382-g92835e5c71 to
                  | 0.28-a0-1387-g3a22ab9bdc
   961 | D:1      | Reached XP level 3. HP: 10/30 MP: 0/0
   961 | D:1      | Learned a level 1 spell: Freeze
  1890 | D:2      | Found an ornate altar of the Wu Jian Council.
  2129 | D:2      | Reached XP level 4. HP: 35/35 MP: 0/0
  2314 | D:2      | Upgraded the game from 0.28-a0-1387-g3a22ab9bdc to
                  | 0.29-a0-40-g8eb35efe60
  2314 | D:2      | Quit the game

Illustrated notes

Levels and vault maps discovered:
D:1:      roderic_crop_circles_arrival_large, layout_basic, dk_noncrumbling_4
D:2:      layout_rooms, basic_altar

Skill      XL: |  1  2  3 |
---------------+----------+-----
Long Blades    | 3 |  3.3
Spellcasting   | 3 |  3.2
Fighting       | |  3.3
Dodging        | |  0.3

Action                   |  1- 3 |  4- 6 || total
-------------------------+-------+-------++-------
Melee: Falchion          |    67 |     1 ||    68
 Cast: Scorch            |    18 |     2 ||    20
Invok: Foxfire Swarm     |     3 |     1 ||     4
       Fiery Armour      |     2 |       ||     2
Armor: Robe              |     9 |     2 ||    11
Dodge: Dodged            |    31 |     2 ||    33

Table legend: (Time is in decaauts)
 A = Elapsed time spent in this place.
 B = Non-inter-level travel time spent in this place.
 C = Inter-level travel time spent in this place.
 D = Time resting spent in this place.
 E = Time spent auto-exploring this place.
 F = Levels seen in this place.
 G = Mean time per level.
                   A        B        C        D        E       F      G
               +--------+--------+--------+--------+--------+-----+--------+
         Total |   2324 |   2310 |     14 |    623 |   1389 |   2 | 1162.0 |
       Dungeon |   2324 |   2310 |     14 |    623 |   1389 |   2 | 1162.0 |
               +--------+--------+--------+--------+--------+-----+--------+

Top non-repeatable levels by time:
     D:1: 1631 daAuts
     D:2: 692 daAuts
